Get step-by-step instructions on how to execute this build order below. Start the game timer, and the build order will tick by so you can play in parallel with StarCraft on a second screen or mobile device.

Game Time

  0:00

Last Step

  N/A

Next Step

  12  0:00  SCV  

Upcoming Step

  13  0:12  SCV  

Don't want to look back and forth between 2 screens? Try out our Overwolf App, the Spawning Tool Build Advisor to get an in-game overlay with this build!

Complete Build Order

  12  0:00  SCV  
  13  0:12  SCV  
  14  0:24  Supply Depot  
  14  0:25  SCV  
  15  0:46  SCV  
  15  0:47  Barracks  
  16  0:58  SCV  
  16  1:02  Refinery  
  17  1:07  Refinery  
  17  1:10  SCV  
  18  1:22  SCV  
  19  1:36  Orbital Command  
  19  1:47  Command Center  
  19  1:51  Reaper  
  19  2:05  SCV  
  20  2:10  Supply Depot  
  20  2:17  SCV  
  20  2:21  Factory  
  21  2:29  SCV  
  22  2:31  Marine  
  23  2:41  SCV  
  24  2:50  Barracks Reactor  
  24  2:54  SCV  
  25  3:04  Orbital Command  
  25  3:06  SCV  
  25  3:12  Factory Tech Lab  
  26  3:18  SCV  
  26  3:19  Starport  
  26  3:30  SCV  
  27  3:37  Marine x2  
  27  3:40  SCV  
  30  3:42  SCV  
  30  3:44  Siege Tank  
  34  3:53  SCV  
  34  3:54  SCV  
  34  3:55  Marine x2  
  38  4:00  Liberator  
  41  4:05  SCV  
  42  4:13  Supply Depot, Marine  
  42  4:16  SCV  
  44  4:19  Barracks  
  44  4:20  Marine  
  45  4:30  Marine  
  46  4:35  SCV x2  
  46  4:37  Siege Tank  
  46  4:38  Marine  
  52  4:42  Barracks  
  52  4:43  Supply Depot  
  52  4:45  Supply Depot  
  52  4:47  Starport Tech Lab, SCV x2  
  54  5:04  SCV x2, Marine x2  
  54  5:06  Engineering Bay  
  58  5:08  Engineering Bay  
  58  5:11  Command Center  
  58  5:16  SCV x2  
  58  5:20  Siege Tank  
  63  5:22  Marine  
  63  5:23  Raven  
  66  5:28  SCV x2  
  68  5:38  Marine  
  68  5:41  Barracks Reactor  
  69  5:45  Barracks Tech Lab  
  69  5:47  Barracks Tech Lab  
  69  5:54  Barracks  
  69  5:58  Supply Depot  
  69  6:00  Supply Depot  
  69  6:01  SCV x2  
  68  6:06  Refinery  
  68  6:08  Refinery  
  68  6:09  Marine x2  
  70  6:19  Marine x2  
  70  6:20  SCV x2  
  70  6:21  Terran Infantry Weapons Level 1, Barracks, Terran Infantry Armor Level 1  
  70  6:22  Supply Depot  
  70  6:23  Starport Reactor  
  70  6:24  Supply Depot  
  74  6:27  Supply Depot, Marine  
  74  6:29  Marine  
  74  6:32  SCV x2  
  78  6:37  Marine x2  
  80  6:43  Barracks Reactor  
  80  6:44  Stimpack  
  80  6:45  Combat Shield, Marine  
  80  6:46  Marine  
  82  6:47  SCV  
  82  6:48  SCV  
  84  7:00  SCV x2, Marine x2  
  91  7:01  Siege Tank  
  91  7:03  Viking x2  
  95  7:12  Orbital Command, SCV  
  95  7:15  SCV  
  97  7:20  Marine  
  97  7:21  Marine x3  
  101  7:24  SCV  
  101  7:27  Concussive Shells, SCV  
  101  7:28  Marine x2  
  101  7:29  Marine  
  106  7:39  Marauder x2  
  106  7:40  Supply Depot  
  106  7:42  Supply Depot, SCV  
  106  7:43  SCV x2  
  113  7:45  Marine  
  113  7:46  Marine  
  113  7:49  Refinery  
  113  7:50  Refinery  
  115  7:54  SCV  
  115  7:55  SCV x2  
  118  7:59  Marine x2  
  118  8:00  Marine  
  118  8:01  Marauder  
  123  8:06  Supply Depot  
  123  8:07  SCV x3  
  123  8:08  Supply Depot  
  126  8:16  Command Center  
  126  8:19  SCV  
  127  8:27  Marine  
  127  8:28  Marine x3  
  127  8:29  Siege Tank, Marauder x3  
  127  8:30  Viking x2  
  144  8:45  Marine x2  
  146  8:55  Ghost Academy  
  146  9:00  Viking x2  
  146  9:01  Siege Tank  
  153  9:07  Marine x3  
  156  9:14  Armory x2  
  156  9:21  Supply Depot, Marauder x3  
  162  9:25  Marine x3  
  162  9:28  Supply Depot  
  162  9:30  Viking x2  
  169  9:33  Siege Tank  
  169  9:35  Factory  
  172  9:42  Marauder x3  
  172  9:43  Supply Depot, Starport  
  178  9:47  Marine x3  
  178  9:51  Supply Depot  
  178  10:04  Marauder x3  
  171  10:23  Marine x2  
  171  10:24  Marine x2  
  171  10:25  Marauder x2  
  171  10:26  Factory Tech Lab  
  178  10:29  Starport Reactor  
  178  10:30  Marine  
  179  10:40  Medivac x2  
  179  10:41  Marine  
  184  10:46  Marauder  
  184  10:48  Planetary Fortress  
  186  11:00  Ghost  
  189  11:06  Refinery  
  189  11:07  Marine x2  
  189  11:08  Marine x2  
  189  11:09  Marine x2, Refinery  
  189  11:10  Medivac x2  
  199  11:25  Marine x2  
  198  11:26  Marine  
  198  11:29  Marine  
  197  11:39  Medivac  
  197  11:43  Marine  
  200  11:58  SCV x2  
  200  13:30  Terran Infantry Weapons Level 2  
  200  13:31  Terran Infantry Armor Level 2  
  200  13:33  Terran Vehicle Weapons Level 1  
  200  13:34  Terran Ship Weapons Level 1  
  200  13:37  Nuke  
  192  14:15  Marine x3  
  192  14:16  Marine, Marauder  
  198  14:17  Viking  
  200  14:33  Personal Cloaking  
  200  14:34  Ghost Academy  
  191  15:06  Viking x4  
  199  15:28  Terran Vehicle And Ship Armor Level 1  
  147  16:41  Ghost x3  
  147  16:43  Thor x2  
  160  17:09  Ghost x2  
  160  17:12  Ghost, Viking x3  
  175  17:25  Marine x4  
  175  17:26  Thor  
  175  17:27  Widow Mine  
  187  17:37  Viking  
  187  17:38  Ghost x2  
  187  17:41  Ghost  
  187  17:42  Viking x3  
  187  17:43  Marine  
  172  18:07  Marauder x2, Viking  
  172  18:08  Marine  
  172  18:09  Marine x3, Widow Mine  
  172  18:10  Marauder  
  170  18:17  Viking x3  
  162  18:29  Marauder x2  
  162  18:32  Marauder  
  168  18:37  Viking  
  162  18:47  Viking  
  160  18:50  Marauder  
  162  18:56  Command Center  
  143  19:29  Viking x2  
  143  19:30  Viking x2  
  151  19:35  Terran Infantry Weapons Level 3  
  126  19:59  Viking x2  
  116  20:10  Marine x5  
  116  20:11  Marauder x2  
  116  20:12  Viking x2  
  105  20:29  Marauder, Viking  
  105  20:33  Marauder  
  109  20:42  Marine  
  110  20:43  Viking x3  
  114  20:59  Viking  
  116  21:27  Command Center  
  116  21:40  Terran Ship Weapons Level 2  
  88  22:43  Viking x2  
  92  23:37  Viking  
  92  23:38  Viking x2  
  98  24:07  Marine  
  98  24:08  Marine x4  
  98  24:09  Marauder x2  
  107  24:13  Refinery  
  107  24:14  Command Center  
  107  24:16  Refinery  
  107  24:17  Orbital Command  
  111  24:39  Command Center